 Dungeon Crawl Stone Soup version 0.31-a0-559-g03b8d61ab2 (webtiles) character file.

Game seed: 2473285438287206107

18 Gargoyl the Trooper (level 2, -5/20 HPs)
             Began as a Gargoyle Berserker on Aug 17, 2023.
             Was a Follower of Trog.
             Slain by a worm (7 damage)
             ... on level 2 of the Dungeon.
             The game lasted 00:00:46 (560 turns).

Gargoyl the Trooper (Gargoyle Berserker)             Turns: 560, Time: 00:00:46

Health: -5/20      AC:  5    Str: 20    XL:     2   Next: 66%
Magic:  2/2        EV: 12    Int:  7    God:    Trog [*.....]
Gold:   61         SH:  0    Dex:  9    Spells: 1/1 levels left

rFire   . . .        a - +0 hand axe
rCold   . . .        (no shield)
rNeg    + . .        b - +0 animal skin
rPois   ∞            (no helmet)
rElec   +            (no cloak)
rCorr   .            (no gloves)
SInv    .            (no boots)
Will    .....        (no amulet)
Stlth   +            (no ring)
HPRegen 0.23/turn    (no ring)
MPRegen 0.08/turn

%: no passive effects
@: no status effects
A: sickness immunity, AC +2, negative energy resistance 1, electricity
resistance, torment resistance 1, petrification resistance
a: Renounce Religion, Berserk


You were on level 2 of the Dungeon.
You worshipped Trog.
Trog was aware of your devotion.
You visited 1 branch of the dungeon, and saw 2 of its levels.

You collected 61 gold pieces.

Inventory:

Hand Weapons
 a - a +0 hand axe (weapon)
Armour
 b - a +0 animal skin (worn)
Scrolls
 c - 2 scrolls of identify {unknown}
 e - a scroll of teleportation
Potions
 d - a potion of haste {unknown}
 f - 2 potions of curing {unknown}


   Skills:
 + Level 3.7 Fighting
 + Level 3.0 Axes
 + Level 2.3 Armour
 + Level 1.7 Dodging


You had one spell level left.
You didn't know any spells.
Your spell library was empty.

Dungeon Overview and Level Annotations

Branches:
Dungeon (2/15)

Altars:

Shops:
D:1 *[=(   D:2 :


Innate Abilities, Weirdness & Mutations

You are immune to sickness and miasma.
Your stone body is resilient. (AC +2)
You are immune to poison.
You resist negative energy. (rN+)
You are resistant to electric shocks. (rElec)
You are resistant to unholy torment.
You are immune to petrification.


Message History

There is an open door here.
You see here a giant cockroach corpse.
A bat and a worm come into view.
The bat hits you but does no damage. The bat barely misses you.
You closely miss the bat.
The bat is severely wounded.
The bat hits you but does no damage. x2; The bat closely misses you.
The bat attacks as you move away! The bat hits you but does no damage. x3
The worm barely misses you.
You hit the worm but do no damage. You closely miss the bat. You hit the bat.
You kill the bat!
Trog accepts your kill. The bat barely misses you. The bat closely misses you.
The bat barely misses you.
You completely miss the worm. You closely miss the bat.
The bat hits you but does no damage. The worm bites you.
Unknown command.
You hit the worm but do no damage. The bat hits you but does no damage.
The worm bites you but does no damage.
Unknown command.
You barely miss the worm. The bat barely misses you.
You hit the worm.
The worm is moderately wounded.
You miss the bat. The bat barely misses you. The worm completely misses you.
Unknown command.
You hit the worm but do no damage.
The worm is moderately wounded.
The bat hits you but does no damage. The worm bites you!
Unknown command.
You hit the worm.
The worm is moderately wounded.
You hit the worm but do no damage. The bat barely misses you.
The worm bites you!
* * * LOW HITPOINT WARNING * * *
You hit the worm.
The worm is severely wounded.
You hit the worm. The bat hits you but does no damage.
The worm completely misses you. The worm bites you!
You die...

########## #....!...#
... #........# #..
#........# #.#
#........# # #.#
#......w.#####. #.#
........@w...#.. #.####
..$...b.†###.##..###.#..
.........# #.# #.....#.#
...###+### #.# ####..#.#
.. #.# #....## . #.#
##†.... #w#######..###
#†#...........
#.#.#####.####


You could see 2 worms and a bat.

Vanquished Creatures
  2 bats
  An endoplasm (D:1)
  A giant cockroach (D:2)
  A goblin (D:1)
  2 hobgoblins (D:1)
  2 kobolds (D:1)
  2 quokkas
  A ball python (D:2)
  A frilled lizard (D:1)
  4 rats
17 creatures vanquished.

Notes
Turn   | Place    | Note
-------+----------+-------------------------------------------
     0 | D:1      | Gargoyl the Gargoyle Berserker began the quest for the Orb.
     0 | D:1      | Reached XP level 1. HP: 14/14 MP: 1/1
    80 | D:1      | Found Gozoipn's General Store.
   107 | D:1      | Found Fiwi Qip's Armour Shop.
   145 | D:1      | Found Kaiz's Jewellery Emporium.
   153 | D:1      | Found Fiacleg's Weapon Shop.
   170 | D:1      | Reached XP level 2. HP: 17/19 MP: 2/2
   500 | D:2      | Found Roxtycs's Book Shoppe.
   559 | D:2      | HP: 1/20 [worm (8)]
   560 | D:2      | Slain by a worm

Illustrated notes

Levels and vault maps discovered:
D:1:      elethiomel_arrival_quiet, layout_rooms, serial_shops,
          nicolae_shop_gaudy_bauble, nicolae_shop_hallway_plus,
          nicolae_shop_behind_doors, nicolae_shop_waterfront
D:2:      layout_basic, serial_shops, shop, grunt_ministairs_4,
          kennysheep_another_room, minivault_26

Skill      XL: |  1  2 |
---------------+-------+-----
Axes           | 3 |  3.0
Fighting       | |  3.7
Armour         | |  2.3
Dodging        | |  1.7

Action                     || total
---------------------------++-------
  Melee: Hand axe          ||    59
 Invoke: Berserk           ||     1
    Use: Scroll            ||     2
 Armour: Animal skin       ||    35
  Dodge: Dodged            ||    49

Table legend: (Time is in decaauts)
 A = Elapsed time spent in this place.
 B = Non-inter-level travel time spent in this place.
 C = Inter-level travel time spent in this place.
 D = Time resting spent in this place.
 E = Time spent auto-exploring this place.
 F = Levels seen in this place.
 G = Mean time per level.
                   A        B        C        D        E       F      G
               +--------+--------+--------+--------+--------+-----+--------+
         Total |    582 |    567 |     15 |      0 |    389 |   2 |  291.0 |
       Dungeon |    582 |    567 |     15 |      0 |    389 |   2 |  291.0 |
               +--------+--------+--------+--------+--------+-----+--------+

Top non-repeatable levels by time:
     D:1: 464 daAuts
     D:2: 117 daAuts
